 Dungeon Crawl Stone Soup version 0.24-a0-760-g74cc3ae (webtiles) character file.

Game seed: 17340504335279399359, levelgen mode: deterministic

217926 mondatta the Bewitcher (level 18, -1/192 HPs)
             Began as a Vampire Enchanter on Oct 2, 2019.
             Was the Champion of Wu Jian.
             Slain by a +3 dire flail of holy wrath (8 damage)
             ... on level 1 of the Elven Halls on Oct 3, 2019.
             The game lasted 02:58:32 (42332 turns).

mondatta the Bewitcher (Vampire Enchanter)         Turns: 42332, Time: 02:58:33

Health: -1/192     AC: 14    Str: 14    XL:     18   Next: 40%
Magic:  35/35      EV: 20    Int: 26    God:    Wu Jian [******]
Gold:   1348       SH:  9    Dex: 23    Spells: 8/43 levels left

rFire    + . .     SeeInvis +   O - +8 short sword "Uthec" {drain, rF+ Int-2 Dex+7}
rCold    . . .     Gourm    .   F - +2 buckler
rNeg     . . .     Faith    .   y - +0 swamp dragon scales
rPois    +         Spirit   .   q - +0 helmet
rElec    +         Reflect  .   h - +1 cloak {MR+}
rCorr    +         Harm     .   R - +0 pair of gloves "Qoaqomn" {rCorr Str+2 Int+7} (curse)
MR       ++...                  N - +2 pair of boots {run}
Stlth    ..........             i - amulet of regeneration
HPRegen  1.02/turn              a - ring "Seoshreor" {rElec Int-3} (curse)
MPRegen  0.24/turn              E - ring of wizardry

@: berserking, confusing touch, regenerating quickly, very quick
A: no food, fangs 3, see invisible, frail 1, unbreathing
}: 1/15 runes: serpentine
a: Exsanguinate, Wall Jump, Serpent's Lash, Heavenly Storm, Renounce Religion


You were on level 1 of the Elven Halls.
You worshipped Wu Jian.
Wu Jian was exalted by your worship.
You were alive.

You visited 7 branches of the dungeon, and saw 32 of its levels.
You also visited: Ossuary, Ice Cave and Volcano.

You collected 3313 gold pieces.
You spent 1965 gold pieces at shops.

Inventory:

Hand Weapons
 x - a +0 rapier of electrocution
 O - the +8 short sword "Uthec" (weapon) {drain, rF+ Int-2 Dex+7}
   (You bought it in a shop on level 13 of the Dungeon)

   A truly terrible weapon, it drains the life of those it strikes.
   It affects your intelligence (-2).
   It affects your dexterity (+7).
   It protects you from fire.
 T - the +6 hand crossbow "Toopteun" {elec, *Contam rPois Str+4 Dex+8}
   (You took it off a naga on level 4 of the Snake Pit)

   It charges the ammunition it shoots with electricity; occasionally upon a
   hit, such missiles may discharge and cause terrible harm.
   It affects your strength (+4).
   It affects your dexterity (+8).
   It protects you from poison.
   It causes magical contamination when unequipped.
Missiles
 S - 22 silver javelins (quivered)
Armour
 h - a +1 cloak of magic resistance (worn)
 q - a +0 helmet (worn)
 y - +0 swamp dragon scales (worn)
 F - a +2 buckler (worn)
 N - a +2 pair of boots of running (worn)
 R - the cursed +0 pair of gloves "Qoaqomn" (worn) {rCorr Str+2 Int+7}
   (You found it on level 1 of the Orcish Mines)

   It affects your strength (+2).
   It affects your intelligence (+7).
   It provides partial protection from all sources of acid and corrosion.
   It has a curse placed upon it.
Jewellery
 a - the cursed ring "Seoshreor" (left hand) {rElec Int-3}
   (You bought it in a shop on level 2 of the Snake Pit)

   [ring of intelligence]

   It affects your intelligence (-3).
   It insulates you from electricity.
   It has a curse placed upon it.
 i - an amulet of regeneration (around neck)
 E - a ring of wizardry (right hand)
Wands
 o - a wand of enslavement (6)
 s - a wand of polymorph (18)
 u - a wand of random effects (7)
 A - a wand of paralysis (21)
 C - a wand of flame (65)
 D - a wand of disintegration (58)
 G - a wand of acid (12)
 J - a wand of iceblast (4)
Scrolls
 b - 4 scrolls of enchant weapon
 f - 11 scrolls of teleportation
 g - 3 scrolls of enchant armour
 n - 3 scrolls of fog
 v - 21 scrolls of remove curse
 w - 13 scrolls of identify
 L - 2 scrolls of fear
 P - a scroll of magic mapping
 Q - a scroll of brand weapon
Potions
 c - 2 potions of agility
 d - 9 potions of flight
 e - 6 potions of brilliance
 k - 5 potions of lignification
 l - 16 potions of curing
 m - a potion of berserk rage
 r - 5 potions of resistance
 z - 6 potions of haste
 B - 5 potions of might
 H - 2 potions of magic
 I - 5 potions of mutation
 M - 2 potions of cancellation
 U - a potion of ambrosia {unknown}
Miscellaneous
 K - a crystal ball of energy


   Skills:
 - Level 13.1 Fighting
 - Level 11.9 Short Blades
 - Level 11.2 Dodging
 + Level 19.2 Stealth
 - Level 7.0 Shields
 - Level 13.4 Spellcasting
 * Level 19.3 Hexes
 - Level 6.3 Charms
 - Level 8.0 Translocations


You had 8 spell levels left.
You knew the following spells:

 Your Spells              Type           Power        Failure   Level  Hunger
b - Ensorcelled Hibernat  Hex/Ice        ######       1%          2    N/A
c - Confuse               Hex            #######.     0%          3    N/A
d - Confusing Touch       Hex            ######       0%          1    N/A
e - Yara's Violent Unrav  Hex/Tmut       ######....   1%          5    N/A
g - Spectral Weapon       Hex/Chrm       ######..     1%          3    N/A
h - Invisibility          Hex            #######.     1%          6    N/A
i - Darkness              Hex            #######...   1%          6    N/A
j - Discord               Hex            #######...   6%          8    N/A
k - Apportation           Tloc           ######       1%          1    N/A

Your spell library contained the following spells:

 Spells                   Type           Power        Failure   Level  Hunger
 Corona                   Hex            #######      0%          1    N/A
 Tukima's Dance           Hex            #######.     0%          3    N/A
 Cause Fear               Hex            #######...   0%          4    N/A
 Song of Slaying          Chrm           ######..     1%          2    N/A
 Swiftness                Chrm/Air       ####....     1%          2    N/A
 Dazzling Spray           Conj/Hex       ######       1%          3    N/A
 Gell's Gravitas          Tloc           ######....   1%          3    N/A
 Lesser Beckoning         Tloc           ######....   1%          3    N/A
 Portal Projectile        Hex/Tloc       ######       1%          3    N/A
 Passage of Golubria      Tloc           N/A          1%          4    N/A
 Metabolic Englaciation   Hex/Ice        ######....   1%          5    N/A
 Silence                  Hex/Air        ######....   1%          5    N/A
 Summon Mana Viper        Hex/Summ       ######..     1%          5    N/A
 Shock                    Conj/Air       ###.         2%          1    N/A
 Summon Butterflies       Summ           ###.....     2%          1    N/A
 Passwall                 Tmut/Erth      ###.....     4%          2    N/A
 Force Lance              Conj/Tloc      #####...     5%          4    N/A
 Call Canine Familiar     Summ           ###.....     9%          3    N/A
 Ignite Poison            Fire/Tmut/Pois ###.....     9%          3    N/A
 Spider Form              Tmut/Pois      ###.......   9%          3    N/A
 Static Discharge         Conj/Air       ###.....     9%          3    N/A
 Dispersal                Tloc           ######....   16%         6    N/A
 Iskenderun's Battlesphe  Conj/Chrm      ####....     21%         5    N/A
 Airstrike                Air            ###.......   26%         4    N/A
 Petrify                  Tmut/Erth      ###.....     26%         4    N/A
 Summon Ice Beast         Ice/Summ       ###.....     26%         4    N/A
 Alistair's Intoxication  Tmut/Pois      ###.....     56%         5    N/A
 Borgnjor's Vile Clutch   Necr/Erth      ###.......   56%         5    N/A
 Lee's Rapid Deconstruct  Erth           ###.......   56%         5    N/A
 Lightning Bolt           Conj/Air       ###.......   56%         5    N/A
 Deflect Missiles         Chrm/Air       ####......   69%         6    N/A
 Shadow Creatures         Summ           N/A          98%         6    N/A
 Controlled Blink         Tloc           N/A          99%         8    N/A
 Disjunction              Tloc           ######....   99%         8    N/A
 Summon Hydra             Summ           ###.......   100%        7    N/A

Dungeon Overview and Level Annotations

Branches:
Dungeon (15/15)            Temple (1/1) D:7            Lair (6/6) D:9
  Swamp (3/4) Lair:2        Snake (4/4) Lair:2        Slime (0/5) Lair:6
    Orc (2/2) D:11            Elf (1/3) Orc:2        Vaults (0/5) D:13
 Depths (0/5) D:15        Ossuary (visited)           IceCv (visited)
Volcano (visited)

Altars:
Ashenzari
Cheibriados
Dithmenos
Elyvilon
Fedhas
Gozag
Hepliaklqana
Kikubaaqudgha
Makhleb
Nemelex Xobeh
Okawaru
Qazlal
Ru
Sif Muna
Trog
Uskayaw
Vehumet
Wu Jian
Xom
Yredelemnul
Zin
The Shining One
Jiyva

Shops:
D:6 (:*   D:13 (!?(   Orc:2 :*[*   Snake:1 ?   Snake:2 =

Portals:
Pandemonium: Orc:2

Annotations:
D:2 exclusion: dart slug
D:3 2 transporters, Grinder
D:5 Prince Ribbit
D:10 2 transporters, Wuag's ghost, journeyman DrTm
Lair:5 exclusion: 2 centaurs
Lair:6 1 runed translucent door, exclusion: death yak
Swamp:3 3 runed translucent doors, Gegef's ghost, adept GnSk
Snake:1 1 runed translucent door, Padueso's ghost, adept MiBe
Snake:4 3 runed translucent doors
Orc:1 2 transporters, G1itch's ghost, journeyman GnWn


Innate Abilities, Weirdness & Mutations

You do not eat.
Your natural rate of healing is unusually fast.
You have razor-sharp teeth.
You have supernaturally acute eyesight. (SInv)
You can survive without breathing.
You are frail. (-10% HP)


Message History

You hit the +3 dire flail of holy wrath but do no damage.
You block the +3 dire flail of holy wrath's attack.
Things that are here:
a +0 long sword; a +0 leather armour; an elf corpse You hit the +3 dire flail of holy wrath but do no damage.
The +3 dire flail of holy wrath hits you!
* * * LOW HITPOINT WARNING * * *
You convulse.
* * * LOW HITPOINT WARNING * * *
The deep elf mage casts a spell.
The deep elf mage blinks!
Okay, then.
A red film seems to cover your vision as you go berserk!
You feel yourself moving faster!
You feel mighty!
The +3 dire flail of holy wrath closely misses you.
The +3 dire flail of holy wrath hits you but does no damage.
You hit the +3 dire flail of holy wrath but do no damage.
You hit the +3 dire flail of holy wrath but do no damage.
The +3 dire flail of holy wrath hits you!
You die...

'#####.###...##.)......# ...#
##'#.(...###......#
...#####.......###).(..#
...+..'.........##'##..#
...####......!..##)#####....%
...# #.........##)# ##....
'### ##.......###)# #!. .#
##.....####.####.## # .#
.###..#..@(.......# .#
...####.####)####.# .#
.....##.#....ยง..# .#
......##%#.......# .#
e....'.e#.......# .#
.....#......8..... .# ....
#..#.......#.# +# ...
##.#.......#.# .# #.#.......#
#


You could see a +3 dire flail of holy wrath.

Vanquished Creatures
  Vashnia (Snake:4)
  Nikola (Snake:2)
  Rupert (D:12)
  Jorgrun (Elf:1)
  A tentacled monstrosity (Swamp:3)
  A storm dragon (D:9)
  2 thorn hunters
  8 nagarajas
  Aizul (Snake:2)
  2 orc warlords (Orc:1)
  A stone giant (Orc:2)
  A minotaur (Orc:2)
  The ghost of Trite the Covert, a journeyman DsEn of Dithmenos (Orc:2)
  Snorg (D:11)
  3 fire dragons
  Fannar (D:11)
  Erolcha (D:13)
  14 naga warriors
  13 hydras
  A ghost crab (Swamp:3)
  14 anacondas
  4 two-headed ogres
  A centaur warrior (D:14)
  A catoblepas (Lair:6)
  10 alligators
  An ogre mage (D:12)
  15 death yaks
  A shambling mangrove (Swamp:1)
  A deep troll shaman (Lair:6)
  3 dancing weapons (Elf:1)
  A tengu warrior (D:14)
  14 naga sharpshooters
  6 orc high priests (Orc:2)
  A deep elf knight (Elf:1)
  4 shock serpents
  4 spriggans
  A shadow wraith (D:13)
  2 salamander mystics
  A deep troll (D:13)
  3 unseen horrors
  3 torturous demonspawn (Orc:2)
  2 deep elf archers (Elf:1)
  A swamp dragon (Swamp:2)
  A spriggan druid (Swamp:2)
  11 naga ritualists
  2 lindwurms (Lair:6)
  A wizard (D:13)
  8 mana vipers
  8 orc knights
  11 deep elf magi
  3 manticores
  An ugly thing (D:13)
  3 oklob plants (Lair:4)
  6 orc sorcerers (Orc:2)
  7 cyclopes
  13 elephants
  7 salamanders
  3 molten gargoyles (Volcano)
  2 guardian serpents
  25 naga magi
  34 black mambas
  14 spiny frogs
  A torpor snail (Lair:6)
  A gargoyle (D:12)
  4 kobold demonologists (D:14)
  5 komodo dragons
  2 hellwings (Orc:2)
  2 rime drakes
  4 efreet
  A polar bear (shapeshifter) (D:13)
  A harpy zombie (D:14)
  A jumping spider (shapeshifter) (D:13)
  A tengu conjurer (D:14)
  A troll (shapeshifter) (D:15)
  5 tyrant leeches
  A polar bear (Lair:6)
  8 trolls
  6 meliai (D:15)
  10 hornets
  10 slime creatures
  6 dream sheep (Lair:2)
  18 blink frogs
  4 bog bodies
  12 hippogriffs
  Sigmund (D:4)
  3 shadows
  8 wyverns
  2 wraiths
  A vampire (D:11)
  31 yaks
  A human (D:7)
  7 fire elementals
  6 basilisks
  4 hogs
  19 vampire mosquitoes
  A steam dragon (D:14)
  6 insubstantial wisps (Swamp:2)
  A hungry ghost (D:12)
  8 wargs
  A neqoxec (Orc:2)
  A harpy simulacrum (D:15)
  9 swamp worms
  21 water moccasins
  30 nagas
  2 soldier ants
  15 porcupines
  A black bear (D:12)
  A meliai simulacrum (D:14)
  3 swamp drakes
  3 ice beasts
  35 orc warriors
  4 sky beasts
  2 eyes of draining
  A hornet zombie (D:9)
  5 phantoms
  14 ogres
  5 centaurs
  11 wolves
  16 crocodiles
  4 big kobolds
  Blork the orc (D:4)
  3 earth elementals (Volcano)
  13 bullfrogs
  5 scorpions
  21 killer bees
  12 wights
  8 howler monkeys
  3 electric eels
  3 centaur zombies
  4 lava snakes (Snake:3)
  8 crimson imps
  5 hounds
  3 quasits
  3 bullfrog zombies
  14 orc wizards
  24 orc priests
  5 bullfrog skeletons
  A centaur skeleton (D:6)
  2 iguanas
  12 worker ants
  Natasha (thrice) (D:4)
  A killer bee zombie (D:10)
  A big kobold zombie (Ossuary)
  A hound zombie (D:8)
  A howler monkey zombie (D:6)
  5 mummies
  A worker ant zombie (D:7)
  19 adders
  4 shadow imps
  2 oozes
  3 adder skeletons
  2 adder zombies
  4 worms
  4 dart slugs
  5 leopard geckos
  84 orcs
  5 ball pythons
  4 bats
  6 giant cockroaches
  10 goblins
  8 hobgoblins
  27 jackals
  5 quokkas
  6 frilled lizards
  A gnoll zombie (Ossuary)
  2 goblin zombies (Ossuary)
  2 hobgoblin zombies
  24 kobolds
  A kobold zombie (Ossuary)
  2 orc zombies
  A quokka skeleton (D:6)
  A quokka zombie (D:7)
  5 rats
  A butterfly (Lair:6)
  A fire vortex (Volcano)
1099 creatures vanquished.

Vanquished Creatures (others)
  A swamp drake (Swamp:1)
  An orc (D:9)
  19 fungi
  8 plants
29 creatures vanquished.

Grand Total: 1128 creatures vanquished

Notes
Turn   | Place    | Note
-------+----------+-------------------------------------------
     0 | D:1      | mondatta the Vampire Enchanter began the quest for the Orb.
     0 | D:1      | Reached XP level 1. HP: 13/13 MP: 3/3
   101 | D:1      | Reached XP level 2. HP: 19/19 MP: 5/5
   220 | D:1      | Learned a level 2 spell: Ensorcelled Hibernation
   304 | D:1      | Reached skill level 5 in Stealth
   304 | D:1      | Reached skill level 5 in Hexes
   473 | D:1      | Reached XP level 3. HP: 19/21 MP: 6/6
  1293 | D:2      | Reached XP level 4. HP: 27/27 MP: 7/7
  2018 | D:2      | Found a snail-covered altar of Cheibriados.
  2142 | D:3      | Noticed Grinder
  2152 | D:3      | Learned a level 3 spell: Confuse
  2304 | D:3      | Found a transporter.
  2306 | D:3      | Found a transporter.
  2311 | D:3      | Noticed a centaur
  2311 | D:3      | Noticed a big kobold
  2313 | D:3      | Found a shimmering altar of Xom.
  2439 | D:3      | Reached XP level 5. HP: 31/31 MP: 8/8
  2955 | D:4      | Noticed Natasha
  2957 | D:4      | Killed Natasha
  3076 | D:4      | Noticed Blork the orc
  3078 | D:4      | Killed Blork the orc
  3116 | D:4      | Noticed a phantom
  3143 | D:4      | Killed a phantom
  3143 | D:4      | Reached XP level 6. HP: 40/41 MP: 5/9
  3196 | D:4      | Noticed Natasha
  3202 | D:4      | Killed Natasha
  3202 | D:4      | Reached skill level 5 in Short Blades
  3333 | D:4      | Noticed Natasha
  3338 | D:4      | Killed Natasha
  3424 | D:4      | Learned a level 1 spell: Confusing Touch
  3424 | D:4      | Got a brightly glowing hand axe
  3425 | D:4      | Identified the +6 hand axe of a sewer {drain, MR+} (You
                  | found it on level 4 of the Dungeon)
  3831 | D:4      | Noticed Sigmund
  3892 | D:4      | Reached XP level 7. HP: 45/46 MP: 10/10
  3946 | D:4      | Killed Sigmund
  4159 | D:5      | Entered Level 5 of the Dungeon
  4505 | D:5      | Noticed Prince Ribbit
  4632 | D:5      | Reached XP level 8. HP: 47/52 MP: 5/11
  4792 | D:5      | Found a burning altar of Makhleb.
  4992 | D:6      | Found Cyeq's Book Boutique.
  5129 | D:6      | Found Winen's Assorted Antiques.
  5250 | D:6      | Found a glowing silver altar of Zin.
  5258 | D:6      | Found a shattered altar of Ashenzari.
  5258 | D:6      | Found an iron altar of Okawaru.
  5487 | D:6      | Found Dosa Moq's Weapon Boutique.
  6174 | D:6      | Reached skill level 10 in Stealth
  6549 | D:7      | Reached XP level 9. HP: 57/57 MP: 12/12
  6758 | D:7      | Found a blossoming altar of Fedhas.
  6820 | D:7      | Found a sand-covered staircase.
  6825 | Ossuary  | Entered an ossuary
  7320 | D:8      | Reached skill level 10 in Hexes
  7321 | D:8      | Reached skill level 10 in Short Blades
  8022 | D:7      | Reached XP level 10. HP: 63/63 MP: 13/13
  8025 | D:7      | Found a staircase to the Ecumenical Temple.
  8031 | Temple   | Entered the Ecumenical Temple
  8222 | Temple   | Became a worshipper of the Wu Jian Council
  8755 | D:8      | Found an opulent altar of Gozag.
  8845 | D:8      | Reached * piety under Wu Jian
  9537 | D:9      | Found a stormy altar of Qazlal.
 10219 | D:9      | Reached ** piety under Wu Jian
 10268 | D:9      | Found a staircase to the Lair.
 10485 | D:9      | Learned a level 5 spell: Yara's Violent Unravelling
 10489 | D:9      | Learned a level 3 spell: Dazzling Spray
 10639 | D:9      | Noticed a storm dragon
 10757 | D:10     | Entered Level 10 of the Dungeon
 10759 | D:10     | Identified the cursed +1 mace "Jikhorav" {holy, +Rage rC-
                  | Stlth+}
 10759 | D:10     | Noticed a tengu warrior
 10760 | D:10     | Noticed Wuag's ghost (journeyman DrTm)
 10762 | D:10     | Found a bloodstained altar of Trog.
 10769 | D:10     | Found a transporter.
 10771 | D:10     | Noticed a two-headed ogre
 10772 | D:10     | Noticed a moth of wrath
 10776 | D:10     | Found a transporter.
 11804 | D:11     | Noticed Fannar
 11815 | D:11     | Reached XP level 11. HP: 68/68 MP: 13/17
 11838 | D:11     | Noticed Snorg
 11838 | D:11     | Noticed a six-headed hydra
 11857 | D:11     | Killed Snorg
 11857 | D:11     | Reached skill level 1 in Fighting
 11926 | D:11     | Found a staircase to the Orcish Mines.
 11994 | D:11     | Killed a six-headed hydra
 12148 | Lair:1   | Entered Level 1 of the Lair of Beasts
 12309 | Lair:1   | Found a frozen archway.
 12327 | Lair:1   | Reached skill level 5 in Dodging
 12349 | Lair:1   | Reached *** piety under Wu Jian
 12426 | IceCv    | Entered an ice cave
 12982 | Lair:2   | Reached skill level 5 in Fighting
 13162 | Lair:2   | Found a staircase to the Snake Pit.
 13168 | Lair:2   | Reached XP level 12. HP: 74/86 MP: 15/18
 13362 | Lair:2   | Noticed an eight-headed hydra
 13393 | Lair:2   | Killed an eight-headed hydra
 13455 | Lair:2   | Found a staircase to the Swamp.
 13598 | Lair:2   | Found a dark tunnel.
 13606 | Volcano  | Entered a volcano
 13979 | Volcano  | Reached skill level 15 in Stealth
 15113 | Lair:2   | Reached **** piety under Wu Jian
 15395 | Lair:3   | Reached skill level 10 in Dodging
 16189 | Lair:4   | Reached XP level 13. HP: 99/99 MP: 16/19
 17819 | Lair:5   | Reached ***** piety under Wu Jian
 18748 | Lair:5   | Found a snail-covered altar of Cheibriados.
 18848 | Lair:5   | Reached skill level 10 in Fighting
 18848 | Lair:5   | Reached skill level 5 in Spellcasting
 18913 | Lair:6   | Entered Level 6 of the Lair of Beasts
 19780 | Lair:6   | Reached XP level 14. HP: 86/113 MP: 20/23
 20584 | Lair:6   | Identified a +2 pair of boots of running (You found it on
                  | level 6 of the Lair of Beasts)
 20669 | Lair:6   | Found a runed translucent door.
 20669 | Lair:6   | Found a viscous altar of Jiyva.
 20669 | Lair:6   | Noticed an azure jelly
 20669 | Lair:6   | Noticed an azure jelly
 20670 | Lair:6   | Found a staircase to the Slime Pits.
 20670 | Lair:6   | Noticed an azure jelly
 21702 | D:11     | Killed Fannar
 22056 | D:11     | You fall into a shaft and drop 2 floors!
 22062 | D:13     | Found Denape's Magic Scroll Shoppe.
 22188 | D:13     | Found Qiskir's Antique Weapon Emporium.
 22192 | D:13     | Bought a scorched short sword for 240 gold pieces
 22192 | D:13     | Identified the +8 short sword "Uthec" {drain, rF+ Int-2
                  | Dex+7} (You bought it in a shop on level 13 of the Dungeon)
 22221 | D:12     | Reached skill level 15 in Hexes
 22230 | D:12     | Noticed Rupert
 22236 | D:12     | Killed Rupert
 22271 | D:13     | Found Noonoab's Distillery.
 22303 | D:13     | Found Gusozuga's Antique Weapon Boutique.
 22640 | D:12     | Reached ****** piety under Wu Jian
 22944 | D:12     | Reached skill level 5 in Shields
 23279 | Orc:1    | Entered Level 1 of the Orcish Mines
 23291 | Orc:1    | Found a transporter.
 23294 | Orc:1    | Noticed G1itch's ghost (journeyman GnWn)
 23303 | Orc:1    | Found a transporter.
 23542 | Orc:1    | Noticed an orc warlord
 23565 | Orc:1    | Killed an orc warlord
 23644 | Orc:1    | Noticed an orc warlord
 23901 | Orc:1    | Reached XP level 15. HP: 75/119 MP: 27/27
 24137 | Orc:1    | Got a pair of transparent gloves
 24153 | Orc:1    | Identified Sif Muna's Incunabulum of Assistive
                  | Transmutation
 24178 | Orc:1    | Learned a level 3 spell: Spectral Weapon
 24458 | Orc:2    | Entered Level 2 of the Orcish Mines
 24463 | Orc:2    | Reached skill level 1 in Charms
 24535 | Orc:2    | Found a runed translucent gate.
 24535 | Orc:2    | Found a runed translucent gate.
 24536 | Orc:2    | Found a runed translucent gate.
 24547 | Orc:2    | Noticed Trite's ghost (journeyman DsEn)
 24605 | Orc:2    | Killed Trite's ghost
 24752 | Orc:2    | Found a staircase to the Elven Halls.
 24858 | Orc:1    | Killed an orc warlord
 25212 | Orc:2    | Found Ineonot's General Store.
 25275 | Orc:2    | Found Mil Mutt's General Store.
 25391 | Orc:2    | Identified the cursed +0 pair of gloves "Qoaqomn" {rCorr
                  | Str+2 Int+7} (You found it on level 1 of the Orcish Mines)
 25403 | Orc:2    | Identified a scroll of acquirement
 25413 | Orc:2    | Learned a level 6 spell: Invisibility
 25443 | Orc:2    | Gained mutation: You are frail. (-10% HP) [a neqoxec]
 25756 | Orc:2    | Reached skill level 5 in Charms
 25994 | Orc:2    | Found Wenecos's Book Shoppe.
 25994 | Orc:2    | Found Timaufit's Antique Armour Emporium.
 25994 | Orc:2    | Found a one-way gate leading to the halls of Pandemonium.
 26009 | Orc:2    | Bought a runed cloak for 225 gold pieces
 26024 | Orc:2    | Bought a book of Dreams for 1125 gold pieces
 26031 | Orc:2    | Learned a level 6 spell: Darkness
 26376 | D:13     | Noticed Erolcha
 26385 | D:13     | Killed Erolcha
 26519 | D:13     | Found a gate to the Vaults.
 27280 | D:14     | Reached skill level 10 in Spellcasting
 28098 | D:15     | Entered Level 15 of the Dungeon
 28233 | D:15     | Found a staircase to the Depths.
 28443 | D:15     | Reached XP level 16. HP: 112/112 MP: 29/31
 29154 | D:9      | Killed a storm dragon
 29409 | Snake:1  | Entered Level 1 of the Snake Pit
 29756 | Snake:1  | Learned a level 8 spell: Discord
 29844 | Snake:1  | Found a runed translucent door.
 29886 | Snake:1  | Noticed Padueso's ghost (adept MiBe)
 30293 | Snake:1  | Found Wuijugru's Magic Scroll Shoppe.
 30741 | Snake:2  | Noticed Aizul
 30829 | Snake:2  | Killed Aizul
 31038 | Snake:2  | Found Kuyz's Jewellery Boutique.
 31260 | Snake:2  | Noticed Nikola
 31327 | Snake:2  | Bought the cursed ring "Seoshreor" {rElec Int-3} for 189
                  | gold pieces
 32028 | Snake:2  | Killed Nikola
 33569 | Snake:3  | Reached XP level 17. HP: 122/122 MP: 34/34
 33614 | Snake:4  | Entered Level 4 of the Snake Pit
 33813 | Swamp:1  | Entered Level 1 of the Swamp
 33816 | Swamp:1  | Learned a level 1 spell: Apportation
 33859 | Swamp:1  | Reached skill level 1 in Translocations
 34263 | Swamp:1  | Paralysed by a hornet for 3 turns
 34983 | Swamp:2  | Reached skill level 5 in Translocations
 36037 | Swamp:3  | Noticed a tentacled monstrosity
 36098 | Swamp:3  | HP: 4/122 [tentacled monstrosity (5)]
 36535 | Swamp:3  | Killed a tentacled monstrosity
 36672 | Swamp:3  | Found a runed translucent gate.
 36673 | Swamp:3  | Found a runed translucent gate.
 36674 | Swamp:3  | Found a runed translucent gate.
 36788 | Swamp:3  | Noticed Gegef's ghost (adept GnSk)
 37408 | Snake:1  | Bought a scroll of amnesia for 59 gold pieces
 37628 | D:6      | Bought a scroll of amnesia for 101 gold pieces
 37628 | D:6      | Bought a glowing blue potion for 26 gold pieces
 38001 | Snake:4  | Noticed Vashnia
 38520 | Snake:4  | Identified the +6 hand crossbow "Toopteun" {elec, *Contam
                  | rPois Str+4 Dex+8}
 39286 | Snake:4  | Found a runed translucent gate.
 39286 | Snake:4  | Found a runed translucent gate.
 40386 | Snake:4  | Found a runed translucent gate.
 40526 | Snake:4  | Killed Vashnia
 40526 | Snake:4  | Reached XP level 18. HP: 66/128 MP: 31/35
 41705 | Snake:4  | Got a serpentine rune of Zot
 41998 | Elf:1    | Entered Level 1 of the Elven Halls
 42000 | Elf:1    | Noticed Jorgrun
 42017 | Elf:1    | Killed Jorgrun
 42328 | Elf:1    | HP: 3/128 [+3 dire flail of holy wrath (4)]
 42332 | Elf:1    | Slain by a +3 dire flail of holy wrath

Levels and vault maps discovered:
D:1:      saegor_arrival_simple_d, layout_loops_cross, serial_forest,
          infiniplex_forest_straight_4, infiniplex_forest_straight_2,
          infiniplex_forest_straight_2, infiniplex_forest_join,
          infiniplex_forest_end_3, infiniplex_forest_clump_tiny
D:2:      layout_loops_ring, first_ration, small_statue_intersection,
          kennysheep_slug_shrine
D:3:      layout_loops_ring, gammafunk_temple_overflow_arena, uniq_grinder
D:4:      layout_loops_corners, uniq_natasha, uniq_sigmund, uniq_blork_the_orc
D:5:      layout_rooms, lemuel_round_altar, uniq_prince_ribbit1
D:6:      layout_loops_ring, minitemple, serial_shops, kennysheep_little_box,
          shop, kennysheep_mini
D:7:      layout_cave_pools, fedhas_bush_and_centaur_altar,
          minmay_temple_entry_fiery, nicolae_ossuary_entry_giza,
          dk_noncrumbling_4, grunt_livestock
D:8:      layout_basic, nicolae_gozag_seed_capital
D:9:      layout_irregular_city, nicolae_qazlal_general_emergency,
          lair_entry_dummy, kennysheep_island_fort
D:10:     layout_stronghold, gammafunk_ghost_wrathful_warriors,
          minmay_misc_feat_enclosed
D:11:     layout_layer_cave, david_orc_3, uniq_snorg, uniq_fannar
D:12:     hangedman_cross_veins, layout_small_grid, uniq_rupert
D:13:     layout_basic, david_vaults_4, serial_shops, shop, shop, shop_statue,
          nicolae_shop_stone, uniq_erolcha
D:14:     layout_roguey, hangedman_decor_growths
D:15:     grunt_enter_depths_hoard, layout_basic,
          hangedman_abyss_or_decor_passed
Temple:   dpeg_chambers_temple
Lair:1:   layout_hall_layers, portal_ice_cave_entry_pillars_1
Lair:2:   layout_roguey, minmay_swamp_entry_swarm, guppyfry_snake_entry_garden,
          lightli_volcano_entry_magma_tube, lemuel_fruit_tree
Lair:3:   layout_gridlike, serial_bayou_shore_a, infiniplex_staircase_pool_2
Lair:4:   dpeg_oklob_gauntlet, layout_layer_cave, grunt_megastairs_1
Lair:5:   layout_loops_ring, lemuel_centaur_altar
Lair:6:   grunt_lair_end_beastmaster, layout_loops_ring, slime_altar_2,
          st_stairs_5, lemuel_fruit_fields
Swamp:1:  layout_basic_swamp, evilmike_swamp_ruin_house_5, swamp_pool2
Swamp:2:  layout_basic_swamp, serial_swamp_ruin, hangedman_swamp_ruin_wall,
          evilmike_swamp_ruin_house_2
Swamp:3:  layout_basic_swamp, gammafunk_ghost_necromancy,
          evilmike_swamp_ruin_house_1
Snake:1:  layout_honeycomb, serial_shops, shop, ebering_ghost_reflecting_pool
Snake:2:  layout_grid_maze, serial_shops, shop, uniq_aizul, uniq_nikola
Snake:3:  layout_onion_interference, nicolae_snake_lava_pool
Snake:4:  snake_pit, layout_misc_corridors, nicolae_snake_horde_hoard,
          grunt_megastairs_2, uniq_vashnia
Orc:1:    layout_caves, gammafunk_ghost_arena, minmay_orc_treasury
Orc:2:    pf_orc_diabolical, layout_caves, maelrawn_ghost_gauntlet_escape
Elf:1:    elf_arrival_001, layout_geoelf_octagon, minivault_28, uniq_jorgrun,
          uniq_asterion

Skill      XL: |  1  2  3  4  5  6  7  8  9 10 11 12 13 14 15 16 17 18 |
---------------+-------------------------------------------------------+-----
Stealth        | 5 6 7 8 10 11 13 14 15 16 17 18 19 | 19.2
Hexes          | 5 6 8 9 11 13 15 16 17 19 | 19.3
Short Blades   | 2 3 4 5 7 9 11 | 11.9
Spellcasting   | 4 6 8 11 13 | 13.4
Fighting       | 5 8 11 13 | 13.1
Dodging        | 7 10 11 | 11.2
Shields        | 7 |  7.0
Charms         | 6 |  6.3
Translocations | 8 |  8.0

Action                   |  1- 3 |  4- 6 |  7- 9 | 10-12 | 13-15 | 16-18 || total
-------------------------+-------+-------+-------+-------+-------+-------++-------
Melee: Dagger            |   167 |   226 |   575 |   798 |   772 |       ||  2538
       Bite              |    12 |    13 |    46 |    65 |   269 |   246 ||   651
       Hand axe          |       |     8 |       |       |       |       ||     8
       Short sword       |       |       |       |       |  1166 |  1505 ||  2671
Throw: Javelin           |       |     3 |     3 |     2 |     7 |     3 ||    18
       Boomerang         |       |       |       |     1 |       |       ||     1
 Cast: Ensorcelled Hiber |     9 |    25 |    54 |   148 |   109 |     3 ||   348
       Confuse           |       |     1 |    34 |    41 |    21 |     2 ||    99
       Confusing Touch   |       |       |       |    22 |   143 |   252 ||   417
       Dazzling Spray    |       |       |       |     2 |     5 |     1 ||     8
       Invisibility      |       |       |       |       |     2 |       ||     2
       Darkness          |       |       |       |       |       |    19 ||    19
       Spectral Weapon   |       |       |       |       |       |     2 ||     2
Invok: Lunge             |       |       |       |    66 |   115 |   124 ||   305
       Whirlwind         |       |       |       |    38 |    58 |    29 ||   125
       Serpent's Lash    |       |       |       |     1 |       |     4 ||     5
 Abil: Exsanguinate      |     1 |       |       |       |       |       ||     1
       Revivify          |     1 |       |       |       |       |       ||     1
       Wall Jump         |       |       |       |       |     1 |       ||     1
  Use: Scroll            |       |     5 |    14 |    10 |    10 |     8 ||    47
       Potion            |       |       |     1 |       |     3 |     9 ||    13
 Stab: Sleeping          |    13 |    22 |    53 |   116 |   119 |    41 ||   364
       Distracted        |       |     1 |     1 |     2 |    10 |     3 ||    17
       Confused          |       |     1 |    19 |    46 |   154 |   265 ||   485
       Petrified         |       |       |       |       |     2 |       ||     2
       Invisible         |       |       |       |       |    11 |       ||    11
Armor: Robe              |    27 |    47 |   110 |    70 |       |       ||   254
       Skin              |       |       |    23 |       |       |       ||    23
       Troll leather arm |       |       |       |    49 |   190 |    85 ||   324
       Swamp dragon scal |       |       |       |       |       |   138 ||   138
Dodge: Dodged            |    94 |   130 |   226 |   271 |   637 |   434 ||  1792
Block: Buckler           |       |       |    20 |   105 |   282 |   311 ||   718

Table legend:
 A = Non-vault XP
 B = Vault XP
 C = Vault XP percentage of total XP
 D = Non-vault monster count
 E = Vault monster count
 F = Vault count percentage of total count
                 A         B        C        D         E       F
            +---------+---------+-------+---------+---------+-------
      Total |  196567 |  128248 |  39.5 |     799 |     299 |  27.2
            +---------+---------+-------+---------+---------+-------
        D:1 |      74 |       0 |   0.0 |      38 |       0 |   0.0
        D:2 |      89 |       0 |   0.0 |      20 |       0 |   0.0
        D:3 |      57 |       0 |   0.0 |      19 |       0 |   0.0
        D:4 |     384 |     352 |  47.8 |      19 |       3 |  13.6
        D:5 |     633 |       0 |   0.0 |      34 |       0 |   0.0
        D:6 |    1138 |     585 |  34.0 |      28 |       3 |   9.7
        D:7 |    1257 |     515 |  29.1 |      23 |       6 |  20.7
        D:8 |    2694 |       0 |   0.0 |      42 |       0 |   0.0
        D:9 |    1710 |    2280 |  57.1 |      28 |       2 |   6.7
       D:10 |    1162 |       0 |   0.0 |      26 |       0 |   0.0
       D:11 |    2083 |    2358 |  53.1 |      11 |       6 |  35.3
       D:12 |    5314 |   10701 |  66.8 |      31 |      21 |  40.4
       D:13 |    4281 |    3481 |  44.8 |      15 |       5 |  25.0
       D:14 |    9470 |       0 |   0.0 |      42 |       0 |   0.0
       D:15 |    6894 |    2125 |  23.6 |      23 |       2 |   8.0
     Lair:1 |    4913 |       0 |   0.0 |      23 |       0 |   0.0
     Lair:2 |    9577 |     859 |   8.2 |      32 |       5 |  13.5
     Lair:3 |    5810 |       0 |   0.0 |      25 |       0 |   0.0
     Lair:4 |    6501 |    1055 |  14.0 |      25 |       2 |   7.4
     Lair:5 |    7901 |       0 |   0.0 |      22 |       0 |   0.0
     Lair:6 |   14934 |    8363 |  35.9 |      42 |      20 |  32.3
    Swamp:1 |   11824 |       0 |   0.0 |      24 |       0 |   0.0
    Swamp:2 |   11100 |       0 |   0.0 |      22 |       0 |   0.0
    Swamp:3 |   15472 |       0 |   0.0 |      32 |       0 |   0.0
    Snake:1 |   12028 |       0 |   0.0 |      22 |       0 |   0.0
    Snake:2 |   20009 |    5854 |  22.6 |      31 |       2 |   6.1
    Snake:3 |   18230 |    2239 |  10.9 |      31 |      14 |  31.1
    Snake:4 |   12036 |   44549 |  78.7 |      23 |      56 |  70.9
      Orc:1 |     530 |   10131 |  95.0 |       6 |      48 |  88.9
      Orc:2 |    6231 |   18029 |  74.3 |      36 |      64 |  64.0
      Elf:1 |    2231 |   10972 |  83.1 |       4 |      14 |  77.8
    Ossuary |       0 |     154 | 100.0 |       0 |      12 | 100.0
    Volcano |       0 |    3646 | 100.0 |       0 |      14 | 100.0
            +---------+---------+-------+---------+---------+-------
